 Dungeon Sprint DCSS version 0.23-a0-171-g5ae17c6 (webtiles) character file.

1178 Fang the Cleaver (level 8, -3/90 HPs)
             Began as a Gargoyle Berserker on Sept 14, 2018.
             Was a High Priest of Trog.
             Killed from afar by a hell hound (7 damage)
             ... with a blast of flame
             ... in the Dungeon (Sprint V: "Ziggurat Sprint").
             The game lasted 00:02:55 (702 turns).

Fang the Cleaver (Gargoyle Berserker)                Turns: 702, Time: 00:02:56

Health: -3/90      AC:  9    Str: 38    XL:     8   Next: 42%
Magic:  8/8        EV: 13    Int: 13    God:    Trog [*****.]
Gold:   0          SH:  0    Dex:  9    Spells: 7/7 levels left

rFire    + . .     SeeInvis .   k - +5 executioner's axe
rCold    . . .     Gourm    .   (shield currently unavailable)
rNeg     + . .     Faith    .   z - +0 leather armour of the Gloaming {rF- Str+4}
rPois    ∞         Spirit   .   (no helmet)
rElec    +         Reflect  .   (no cloak)
rCorr    +         Harm     .   (no gloves)
MR       .....     NoTele   +   (no boots)
Stlth    ..........             (no amulet)
HPRegen  0.25/turn              D - +6 ring of strength
MPRegen  0.11/turn              b - ring "Yretsuf" {Fire Int+5}

@: berserking, resistant, very quick
A: negative energy resistance 1, electricity resistance, unbreathing,
petrification resistance, rot immunity, AC +5
a: Berserk, Trog's Hand, Brothers in Arms, Renounce Religion


You were in the Dungeon.
You worshipped Trog.
Trog was extremely pleased with you.
You were not hungry.

You visited 1 branch

Inventory:

Hand Weapons
 a - the +8 hand axe of the Old World {vamp, Int+3}
   (You took it off an iron imp in the Dungeon)

   It inflicts no extra harm, but heals its wielder when it wounds a living foe.
   It affects your intelligence (+3).
 k - a +5 executioner's axe (weapon)
Armour
 j - +5 shadow dragon scales
 z - the +0 leather armour of the Gloaming (worn) {rF- Str+4}
   (You found it in the Dungeon)

   It affects your strength (+4).
   It makes you vulnerable to fire.
Jewellery
 b - the ring "Yretsuf" (right hand) {Fire Int+5}
   (You found it in the Dungeon)

   [ring of fire]

   It enhances your fire magic.
   It affects your intelligence (+5).
   It protects you from fire.
   It makes you vulnerable to cold.
 D - a +6 ring of strength (left hand)
Wands
 w - a wand of disintegration (7)
 x - a wand of iceblast (7)
 y - a wand of acid (7)
Scrolls
 i - 4 scrolls of blinking
 l - 7 scrolls of fog
 m - 2 scrolls of holy word
 n - 5 scrolls of identify
 o - 5 scrolls of remove curse
 p - 2 scrolls of fear
Potions
 d - 10 potions of curing
 e - 9 potions of heal wounds
 f - 6 potions of haste
 g - 7 potions of magic
 h - 3 potions of berserk rage
 q - 2 potions of brilliance
 r - 2 potions of invisibility
 s - 3 potions of resistance
 u - 5 potions of agility
 v - 5 potions of might
Comestibles
 c - 6 rations


   Skills:
 + Level 11.1 Fighting
 + Level 11.3 Axes
 + Level 6.2 Armour
 + Level 3.9 Dodging
 + Level 5.6 Stealth


You had 7 spell levels left.
You didn't know any spells.
Your spell library was empty.

Dungeon Overview and Level Annotations

Branches:
Dungeon (1/1)

Altars:
Ashenzari
Cheibriados
Dithmenos
Elyvilon
Fedhas
Gozag
Hepliaklqana
Kikubaaqudgha
Makhleb
Nemelex Xobeh
Okawaru
Qazlal
Ru
Sif Muna
Trog
Uskayaw
Vehumet
Wu Jian
Xom
Yredelemnul
Zin
The Shining One
Beogh
Jiyva
Lugonu

Annotations:
D 1 transporter


Innate Abilities, Weirdness & Mutations

You are resistant to torment.
Your stone body is resilient. (AC +5)
You are immune to poison.
You resist negative energy. (rN+)
You are resistant to electric shocks. (rElec)
You can survive without breathing.
You are immune to petrification.
You are immune to rotting.


Message History

The fire elemental hits you.
* * * LOW HITPOINT WARNING * * *
The fire elemental burns you! You resist.
* * * LOW HITPOINT WARNING * * *
The hell hound bites you but does no damage.
The fire elemental hits you. The fire elemental burns you! You resist.
* * * LOW HITPOINT WARNING * * *
Unknown command.
You completely miss the fire elemental. You closely miss the hell hound.
You miss the fire elemental. The fire elemental closely misses you.
The hell hound closely misses you. The fire elemental closely misses you.
The fire elemental hits you. The fire elemental burns you! You resist.
* * * LOW HITPOINT WARNING * * *
Unknown command.
You slash the fire elemental!
The fire elemental is moderately damaged.
You closely miss the fire elemental. You slash the hell hound!
The hell hound breathes flames at you. The blast of flame hits you! You resist.
You die...

▓..©..▓..©..▓▓▓▓▓▓▓
▓▓▓▓▓▓▓▓▓▓▓▓▓▓▓▓▓▓▓
▓..8©8...▓..8©8...▓
▓..).....▓..))[...▓
▓........▓..).:...▓
▓........▓........▓
▓.†......▓...E....▓
▓.▓.[..▓.▓.▓EEh.▓.▓
▓...©....▓...@....▓
▓▓▓▓▓▓▓▓▓▓▓▓▓▓▓▓▓▓▓


You could see 3 fire elementals and a hell hound.

Vanquished Creatures
  Sigmund (D)
  A porcupine (D)
  2 hell hounds (D)
  Blork the orc (D)
  Crazy Yiuf (D)
  A jelly (D)
  An iron imp (D)
  Jessica (D)
  A river rat (D)
  An ooze (D)
  A bat skeleton (D)
  A jackal (D)
  A quokka skeleton (D)
14 creatures vanquished.

Notes
Turn   | Place    | Note
-------+----------+-------------------------------------------
     0 | D        | Found the +6 Majin-Bo {vamp, Archmagi MP+6 Int+6}
     0 | D        | Found the +7 great mace "Firestarter" {inner flame, rF++}
     0 | D        | Fang the Gargoyle Berserker began the quest for the Orb.
     0 | D        | Reached XP level 1. HP: 14/14 MP: 1/1
     3 | D        | Found a blossoming altar of Fedhas.
     4 | D        | Found a viscous altar of Jiyva.
     4 | D        | Found a hazy altar of Hepliaklqana.
     4 | D        | Found a transporter.
     4 | D        | Found an opulent altar of Gozag.
     4 | D        | Found an ancient bone altar of Kikubaaqudgha.
     4 | D        | Found a corrupted altar of Lugonu.
     8 | D        | Found a burning altar of Makhleb.
     9 | D        | Found a sacrificial altar of Ru.
     9 | D        | Found a stormy altar of Qazlal.
     9 | D        | Found a deep blue altar of Sif Muna.
     9 | D        | Found an iron altar of Okawaru.
     9 | D        | Found a bloodstained altar of Trog.
     9 | D        | Found a sparkling altar of Nemelex Xobeh.
    70 | D        | Entered arena 2.
    70 | D        | Noticed a jelly
    70 | D        | Found a transporter.
    74 | D        | Killed a jelly
    74 | D        | Reached skill level 5 in Fighting
    74 | D        | Reached XP level 2. HP: 15/21 MP: 2/2
    74 | D        | Reached XP level 3. HP: 19/26 MP: 3/3
   220 | D        | Entered arena 3.
   220 | D        | Noticed a porcupine
   220 | D        | Found a transporter.
   224 | D        | Killed a porcupine
   224 | D        | Reached ** piety under Trog
   224 | D        | Reached XP level 4. HP: 34/34 MP: 4/4
   224 | D        | Reached XP level 5. HP: 38/38 MP: 5/5
   232 | D        | Got the ring "Yretsuf" {Fire Int+5}
   270 | D        | Entered arena 4.
   270 | D        | Noticed Sigmund
   270 | D        | Noticed Jessica
   270 | D        | Noticed Blork the orc
   270 | D        | Noticed Crazy Yiuf
   270 | D        | Found a transporter.
   274 | D        | Killed Jessica
   274 | D        | Reached *** piety under Trog
   279 | D        | Killed Crazy Yiuf
   282 | D        | Killed Sigmund
   282 | D        | Reached skill level 5 in Armour
   282 | D        | Reached XP level 6. HP: 34/46 MP: 6/6
   291 | D        | Killed Blork the orc
   291 | D        | Reached **** piety under Trog
   301 | D        | Got the +0 leather armour of the Gloaming {rF- Str+4}
   506 | D        | Entered arena 5.
   506 | D        | Noticed a hell hound
   506 | D        | Found a transporter.
   512 | D        | Reached XP level 7. HP: 36/51 MP: 7/7
   516 | D        | Reached skill level 10 in Axes
   521 | D        | Got the +8 hand axe of the Old World {vamp, Int+3}
   693 | D        | Entered arena 6.
   693 | D        | Noticed a fire elemental
   693 | D        | Noticed a fire elemental
   693 | D        | Noticed a fire elemental
   693 | D        | Found a transporter.
   696 | D        | Reached skill level 5 in Stealth
   696 | D        | Reached XP level 8. HP: 35/60 MP: 8/8
   697 | D        | Reached ***** piety under Trog
   701 | D        | HP: 3/90 [fire elemental (4)]
   702 | D        | Killed from afar by a hell hound

Vault maps used:
D:        sprint_v

Skill      XL: |  1  2  3  4  5  6  7 |
---------------+----------------------+-----
Fighting       | 5 7 9 11 | 11.1
Axes           | 4 6 9 11 | 11.3
Armour         | 3 4 5 6 |  6.2
Dodging        | 2 3 |  3.9
Stealth        | 5 |  5.6

Action                   |  1- 3 |  4- 6 |  7- 9 || total
-------------------------+-------+-------+-------++-------
Melee: Executioner's axe |     4 |    23 |     7 ||    34
Invok: Berserk           |     2 |     1 |     2 ||     5
  Use: Potion            |       |       |     3 ||     3
  Eat: Chunk             |       |     1 |       ||     1
       Ration            |       |       |     1 ||     1
Armor: Shadow dragon sca |     4 |    21 |       ||    25
       Leather armour    |       |     2 |    11 ||    13
Dodge: Dodged            |     1 |    21 |    19 ||    41

Table legend:
 A = Non-vault XP
 B = Vault XP
 C = Vault XP percentage of total XP
 D = Non-vault monster count
 E = Vault monster count
 F = Vault count percentage of total count
                 A         B        C        D         E       F
            +---------+---------+-------+---------+---------+-------
      Total |       0 |     931 | 100.0 |       0 |      14 | 100.0
            +---------+---------+-------+---------+---------+-------
          D |       0 |     931 | 100.0 |       0 |      14 | 100.0
            +---------+---------+-------+---------+---------+-------
